 Dungeon Crawl Stone Soup version 0.22-a0-605-g9281fa2 (webtiles) character file.

1 Amnesiac the Ducker (level 1, 0/9 HPs)
             Began as a Spriggan Transmuter on July 8, 2018.
             Slain by a giant cockroach (2 damage)
             ... on level 1 of the Dungeon.
             The game lasted 00:00:14 (66 turns).

Amnesiac the Ducker (Spriggan Transmuter)             Turns: 66, Time: 00:00:15

Health: 0/9        AC:  2    Str:  6    XL:     1   Next: 16%
Magic:  4/5        EV: 18    Int: 14    God:
Gold:   0          SH:  0    Dex: 16    Spells: 4/5 levels left

rFire    . . .     SeeInvis +     - Unarmed
rCold    . . .     Gourm    .   (shield restricted)
rNeg     . . .     Faith    .   b - +0 robe
rPois    .         Spirit   .   (helmet restricted)
rElec    .         Reflect  .   (no cloak)
rCorr    .         Harm     .   (gloves unavailable)
MR       .....                  (boots unavailable)
Stlth    +.........             (no amulet)
HPRegen  0.03/turn              (no ring)
MPRegen  0.09/turn              (no ring)

@: appendage (expiring), very quick
A: very small, unfitting armour, talons 3, see invisible, herbivore, speed 3,
slow metabolism 2
a: End Transformation


You were on level 1 of the Dungeon.
You were not hungry.
You had grown temporary talons.
You visited 1 branch of the dungeon, and saw 1 of its levels.

Inventory:

Missiles
 a - 12 arrows
Armour
 b - a +0 robe (worn)
Comestibles
 d - 2 rations


   Skills:
 - Level 0.7 Fighting
 - Level 3.0 Dodging
 - Level 2.4 Unarmed Combat
 + Level 2.8 Spellcasting
 - Level 2.6 Transmutations


You had 4 spell levels left.
You knew the following spells:

 Your Spells              Type           Power        Failure   Level  Hunger
e - Beastly Appendage     Tmut           #.....       8%          1    #......

Your spell library contained the following spells:

 Spells                   Type           Power        Failure   Level  Hunger
 Spider Form              Tmut/Pois      #.........   36%         3    ###....
 Blade Hands              Tmut           #.........   90%         5    ######.
 Ice Form                 Ice/Tmut       #.......     77%         4    #####..
 Sticks to Snakes         Tmut           #.......     11%         2    ##.....


Dungeon Overview and Level Annotations

Branches:
Dungeon (1/15)

Altars:


Innate Abilities, Weirdness & Mutations

You are very small and have problems with some larger weapons.
You are too small for most types of armour.
You have supernaturally acute eyesight. (SInv)
You are a herbivore.
You cover ground extremely quickly.
You need to consume almost no food.
You have claws for feet.


Message History

Found 24 stones.
You see here 24 stones.
A giant cockroach comes into view.
Casting: Beastly Appendage (safe; 8% risk of failure)
Confirm with . or Enter, or press ? or * to list all spells.
You don't know that spell.
Adjust (i)tems, (s)pells, or (a)bilities?
Adjust which spell? a - Beastly Appendage Adjust to which letter? e - Beastly Appendage
Casting: Beastly Appendage (safe; 8% risk of failure)
Confirm with . or Enter, or press ? or * to list all spells.
You grow a pair of large bovine horns.
The giant cockroach bites you.
You hit the giant cockroach.
The giant cockroach is heavily wounded.
The giant cockroach bites you but does no damage.
You hit the giant cockroach.
You kill the giant cockroach!
No target in view!
d - 2 rations (gained 1)
Your transformation is almost over.
A hobgoblin comes into view. It is wielding a club.
A hobgoblin is nearby!
A hobgoblin is nearby!
A giant cockroach comes into view.
The helpless hobgoblin fails to defend itself.
You hit the hobgoblin but do no damage. The hobgoblin completely misses you.
You hit the hobgoblin.
The hobgoblin is lightly wounded.
The hobgoblin hits you with a club.
* * * LOW HITPOINT WARNING * * *
You hit the hobgoblin.
The hobgoblin is heavily wounded.
The hobgoblin barely misses you.
You barely miss the hobgoblin.
The hobgoblin is heavily wounded.
The giant cockroach bites you but does no damage.
Your horns disappear.
Casting: Beastly Appendage (safe; 8% risk of failure)
Confirm with . or Enter, or press ? or * to list all spells.
Your feet morph into talons.
Your transformation is almost over.
You barely miss the giant cockroach.
You claw the giant cockroach, but do no damage.
The giant cockroach bites you.
* * * LOW HITPOINT WARNING * * *
You hit the giant cockroach.
The giant cockroach is severely wounded.
The giant cockroach barely misses you.
You barely miss the giant cockroach.
You claw the giant cockroach, but do no damage.
The giant cockroach is severely wounded.
The giant cockroach barely misses you. The giant cockroach closely misses you.
You hit the giant cockroach.
The giant cockroach is almost dead.
The giant cockroach bites you.
* * * LOW HITPOINT WARNING * * *
You are too injured to fight recklessly!
You closely miss the giant cockroach.
The giant cockroach is almost dead.
The giant cockroach bites you.
You die...

## .. #. ####.#### #.
#.......# ##.## #@##. #.#
#...# #s##.##.# #...#####g#
..#.# #.........# #.#.#
####### .####...#####.###.#.##
#.....#
............#........###.....#
................#............#
............#.#.#..#.###.....#
.####...#####.#.##.#.###.....#


You could see a giant cockroach and a hobgoblin.

Vanquished Creatures
  A giant cockroach (D:1)
1 creature vanquished.

Notes
Turn   | Place    | Note
-------+----------+-------------------------------------------
     0 | D:1      | Amnesiac the Spriggan Transmuter began the quest for the Orb.
     0 | D:1      | Reached XP level 1. HP: 9/9 MP: 5/5
    66 | D:1      | Slain by a giant cockroach

Vault maps used:
D:1:      scummos_arrival_simple_crosswalls, minmay_tripent

Action                   || total
-------------------------++-------
Melee: Unarmed           ||    11
       Kick              ||     2
 Cast: Beastly Appendage ||     2
 Stab: Sleeping          ||     1
Armor: Robe              ||     2
Dodge: Dodged            ||     5

Table legend:
 A = Spawn XP
 B = Non-spawn XP
 C = Spawn XP percentage of total XP
 D = Spawn monster count
 E = Non-spawn monster count
 F = Spawn count percentage of total count
 G = Total turns spent on level
                    A         B        C        D         E        F      G
               +---------+---------+-------+---------+---------+-------+---------
         Total |       0 |       2 |   0.0 |       0 |       1 |   0.0 |    66
               +---------+---------+-------+---------+---------+-------+---------
           D:1 |       0 |       2 |   0.0 |       0 |       1 |   0.0 |    66
               +---------+---------+-------+---------+---------+-------+---------
